 Dungeon Crawl Stone Soup version 0.29-a0-872-g797fff5ad1 (webtiles) character file.

Game seed: 10052605433068054815

92 jimonade the Ruffian (level 4, 0/33 HPs)
             Began as a Formicid Transmuter on July 18, 2022.
             Slain by Terence
             ... wielding a +0 mace
              (4 damage)
             ... on level 3 of the Dungeon.
             The game lasted 00:05:18 (2502 turns).

jimonade the Ruffian (Formicid Transmuter)          Turns: 2502, Time: 00:05:18

Health: 0/33       AC:  6    Str: 17    XL:     4   Next: 90%
Magic:  7/8        EV: 12    Int: 12    God:
Gold:   183        SH:  0    Dex: 14    Spells: 6/9 levels left

rFire   + . .      SeeInvis +     - Unarmed
rCold   . . .      Faith    .   (no shield)
rNeg    . . .      Spirit   .   p - +3 leather armour
rPois   .          Reflect  .   (helmet unavailable)
rElec   .          Harm     .   (no cloak)
rCorr   .          Rampage  .   (no gloves)
Will    .....                   (boots currently unavailable)
Stlth   +.........              (no amulet)
HPRegen 0.11/turn               l - ring of protection from fire
MPRegen 0.11/turn               (no ring)

@: appendages (expiring), wereblooded (expiring)
A: talons 2, permanent stasis, dig shafts and tunnels, antennae 3, four strong
arms
a: Dig, Shaft Self, End Transformation


You were on level 3 of the Dungeon.
You had temporarily grown beastly talons.
You visited 1 branch of the dungeon, and saw 3 of its levels.

You collected 183 gold pieces.

Inventory:

Missiles
 h - 19 stones
 n - 9 poisoned darts
Armour
 a - a +0 robe
 m - a +0 leather armour
 p - a +3 leather armour (worn)
 r - a +0 pair of boots (melded)
Jewellery
 l - a ring of protection from fire (left hand)
Scrolls
 c - a scroll of noise {unknown}
 d - 3 scrolls of identify {unknown}
 f - a scroll of poison {unknown}
 i - a scroll of vulnerability {unknown}
Potions
 b - a potion of lignification
 e - 3 potions of curing {unknown}
 g - a potion of haste {unknown}
 j - a potion of resistance {unknown}
 k - a potion of might {unknown}
 o - a potion of heal wounds {unknown}
 q - a potion of brilliance {unknown}


   Skills:
 * Level 2.0 Fighting
 + Level 0.2 Armour
 + Level 2.2 Dodging
 + Level 3.7 Unarmed Combat
 * Level 3.0 Spellcasting
 + Level 2.8 Transmutations


You had 6 spell levels left.
You knew the following spells:

 Your Spells              Type           Power      Damage    Failure   Level
a - Beastly Appendage     Tmut           16%        N/A       9%          1
b - Wereblood             Tmut           8%         N/A       14%         2

Your spell library contained the following spells:

 Spells                   Type           Power      Damage    Failure   Level
 Ensorcelled Hibernation  Hex/Ice        2%         N/A       41%         2
 Spider Form              Tmut/Pois      5%         N/A       43%         3
 Ice Form                 Ice/Tmut       5%         N/A       85%         4
 Anguish                  Hex/Necr       0%         N/A       96%         4


Dungeon Overview and Level Annotations

Branches:
Dungeon (3/15)

Altars:
Okawaru

Annotations:
D:3 1 transporter, Terence; xian's ghost, amateur DsHW


Innate Abilities, Weirdness & Mutations

You have temporarily grown beastly talons.
You cannot be hasted, slowed, berserked, paralysed or teleported.
You can dig through walls and to a lower floor.
You have a pair of large antennae on your head. (SInv)
Your four strong arms can wield two-handed weapons with a shield.


Message History

Terence bares his teeth.
Terence closely misses you.
You hit Terence but do no damage. You claw Terence, but do no damage.
Terence is lightly wounded.
Terence hits you with a +0 mace.
You closely miss Terence. You claw Terence, but do no damage.
Terence is lightly wounded.
Terence hits you with a +0 mace.
You hit Terence.
Terence is moderately wounded.
Terence hits you with a +0 mace!
* * * LOW HITPOINT WARNING * * *
You completely miss Terence.
Terence is moderately wounded.
Terence barely misses you.
You hit Terence.
Terence is moderately wounded.
Your transformation is almost over.
Terence closely misses you.
You hit Terence but do no damage. Your kick misses Terence.
Your punch misses Terence.
Terence is moderately wounded.
You howl as the wereblood boils in your veins!
Terence closely misses you.
You hit Terence but do no damage. You claw Terence.
Terence is heavily wounded.
Terence hits you with a +0 mace.
* * * LOW HITPOINT WARNING * * *
You hit Terence. You claw Terence, but do no damage.
Terence is severely wounded.
Terence closely misses you.
You hit Terence.
Terence is almost dead.
You howl as the wereblood boils in your veins!
Your primal bloodlust is almost over.
Terence barely misses you.
You closely miss Terence.
Terence is almost dead.
Terence hits you with a +0 mace.
You die...

.
####################....
................@@.'....
.#####..############....
.# #..# . .# #..# .#
#..# .# ##..# .# #<..#
.# #...# .## #...#


You could see Terence.

Vanquished Creatures
  4 adders
  2 worms (D:2)
  4 dart slugs
  An orc (D:3)
  2 ball pythons
  6 endoplasms
  A giant cockroach (D:2)
  A goblin (D:2)
  4 hobgoblins
  A quokka (D:3)
  5 bats
  4 frilled lizards
  5 kobolds
  5 rats
45 creatures vanquished.

Notes
Turn   | Place    | Note
-------+----------+-------------------------------------------
     0 | D:1      | jimonade the Formicid Transmuter began the quest for the
                  | Orb.
     0 | D:1      | Reached XP level 1. HP: 15/15 MP: 3/3
   177 | D:1      | Reached XP level 2. HP: 21/21 MP: 1/5
   965 | D:2      | Reached XP level 3. HP: 18/26 MP: 6/6
  1186 | D:2      | Found a faded altar of an unknown god.
  1672 | D:2      | Reached XP level 4. HP: 32/33 MP: 6/8
  1723 | D:2      | Found an iron altar of Okawaru.
  1814 | D:2      | Learned a level 2 spell: Wereblood
  2419 | D:3      | Found a transporter.
  2419 | D:3      | Noticed xian's ghost (amateur DsHW)
  2481 | D:3      | Noticed Terence
  2502 | D:3      | Slain by Terence

Illustrated notes

Levels and vault maps discovered:
D:1:      matt_arrival_grand_opening, layout_rooms
D:2:      layout_basic, basic_altar, basic_ecumenical_altar
D:3:      layout_basic, gammafunk_ghost_smash, uniq_terence

Skill      XL: |  1  2  3  4 |
---------------+-------------+-----
Dodging        | 2 |  2.2
Spellcasting   | 3 |  3.0
Fighting       | 2 |  2.0
Armour         | |  0.2
Unarmed Combat | |  3.7
Transmutations | |  2.8

Action                   |  1- 3 |  4- 6 || total
-------------------------+-------+-------++-------
Melee: Unarmed           |    83 |    80 ||   163
       Kick              |    20 |    19 ||    39
       Punch             |     3 |     5 ||     8
 Cast: Beastly Appendage |    21 |    12 ||    33
       Wereblood         |       |     1 ||     1
 Stab: Sleeping          |       |     1 ||     1
Armor: Robe              |    14 |       ||    14
       Leather armour    |     5 |    13 ||    18
Dodge: Dodged            |    66 |    49 ||   115

Table legend: (Time is in decaauts)
 A = Elapsed time spent in this place.
 B = Non-inter-level travel time spent in this place.
 C = Inter-level travel time spent in this place.
 D = Time resting spent in this place.
 E = Time spent auto-exploring this place.
 F = Levels seen in this place.
 G = Mean time per level.
                   A        B        C        D        E       F      G
               +--------+--------+--------+--------+--------+-----+--------+
         Total |   2493 |   2469 |     24 |    431 |   1453 |   3 |  831.0 |
       Dungeon |   2493 |   2469 |     24 |    431 |   1453 |   3 |  831.0 |
               +--------+--------+--------+--------+--------+-----+--------+

Top non-repeatable levels by time:
     D:1: 1055 daAuts
     D:2: 960 daAuts
     D:3: 476 daAuts
